General information
- name: BNet
- type: Ladder team game (AT/RT)
- host: Battle.net
- saver: MYM]ERI
map: FullScaleAssault
- players: 8
- length: 23:05
- speed: Fast
- version: 1.24 W3XP
- replay type: Public
» download(175 KB)
Players
team 1 (winner)
Ze.Rath3isaFaig (
green | 74 APM | 1709 actions | 23:02)
6 Firelord
3 Summon Lava Spawn
2 Incinerate
1 Volcano
5 Priestess of the Moon
3 Trueshot Aura
2 Searing Arrows
» actions
| Assign group hotkey | 26 | |
| Basic commands | 393 | |
| Build / train | 56 | |
| Enter build submenu | 17 | |
| Enter hero's abilities submenu | 11 | |
| Remove unit from queue | 1 | |
| Right click | 698 | |
| Select / deselect | 301 | |
| Select group hotkey | 159 | |
| Use ability | 47 | |
1709 total
» units
| Wisp | 13 | |
| Archer | 9 | |
| Druid of the Talon | 3 | |
| Chimaera | 4 | |
29 total
» upgrades
| Improved Bows | 1 | |
| Corrosive Breath | 1 | |
2 total
» buildings
| Moon Well | 7 | |
| Altar of Elders | 1 | |
| Ancient of War | 2 | |
| Tree of Ages | 1 | |
| Tree of Eternity | 1 | |
| Ancient of Wind | 2 | |
| Chimaera Roost | 3 | |
| Hunter's Hall | 1 | |
18 total
» build order
00:14 Moon Well
00:30 Altar of Elders
01:21 Ancient of War
02:02 Moon Well
02:42 Moon Well
05:17 Tree of Ages
05:19 Ancient of War
07:47 Tree of Eternity
07:53 Ancient of Wind
10:34 Ancient of Wind
10:35 Chimaera Roost
10:37 Chimaera Roost
10:39 Chimaera Roost
11:41 Moon Well
11:43 Moon Well
16:26 Moon Well
16:28 Moon Well
16:35 Hunter's Hall
» items
| Scroll of Regeneration | 2 | |
| Boots of Speed | 1 | |
| Scroll of Town Portal | 1 | |
| Scroll of Healing | 1 | |
| Scroll of Protection | 1 | |
6 total
MYM]ERI (
pink | 120 APM | 2778 actions | 23:05)
7 Archmage
3 Summon Water Elemental
3 Brilliance Aura
1 Mass Teleport
1 Blood Mage
1 Flame Strike
» actions
| Assign group hotkey | 44 | |
| Basic commands | 21 | |
| Build / train | 81 | |
| ESC pressed | 15 | |
| Enter build submenu | 25 | |
| Enter hero's abilities submenu | 8 | |
| Give item / drop item | 1 | |
| Right click | 1471 | |
| Select / deselect | 355 | |
| Select group hotkey | 620 | |
| Use ability | 137 | |
2778 total
» units
| Peasant | 12 | |
| Footman | 5 | |
| Rifleman | 17 | |
| Mortar Team | 2 | |
36 total
» upgrades
| Gunpowder | 3 | |
| Armor | 3 | |
| Long Rifles | 2 | |
| Fragmentation Shards | 1 | |
9 total
» buildings
| Altar of Kings | 1 | |
| Barracks | 2 | |
| Farm | 10 | |
| Lumber Mill | 1 | |
| Blacksmith | 1 | |
| Arcane Vault | 1 | |
| Scout Tower | 2 | |
| Arcane Tower | 2 | |
| Keep | 1 | |
| Castle | 1 | |
| Workshop | 2 | |
24 total
» build order
00:04 Altar of Kings
00:22 Barracks
00:31 Farm
01:00 Farm
01:44 Farm
02:16 Lumber Mill
02:23 Blacksmith
03:16 Barracks
03:19 Farm
04:58 Arcane Vault
05:30 Farm
05:45 Scout Tower
05:55 Scout Tower
06:24 Arcane Tower
07:49 Farm
11:46 Farm
13:51 Keep
17:33 Castle
17:38 Farm
19:46 Farm
19:47 Farm
19:58 Workshop
20:01 Workshop
» items
| Scroll of Regeneration | 5 | |
| Lesser Clarity Potion | 6 | |
| Potion of Healing | 1 | |
| Potion of Mana | 1 | |
13 total
jfjd (
teal | 45 APM | 1046 actions | 23:02)
6 Archmage
3 Summon Water Elemental
2 Brilliance Aura
1 Mass Teleport
» actions
| Basic commands | 40 | |
| Build / train | 83 | |
| Enter build submenu | 27 | |
| Enter hero's abilities submenu | 6 | |
| Give item / drop item | 1 | |
| Remove unit from queue | 1 | |
| Right click | 470 | |
| Select / deselect | 358 | |
| Use ability | 60 | |
1046 total
» units
| Peasant | 16 | |
| Footman | 19 | |
| Knight | 12 | |
| Priest | 4 | |
51 total
» upgrades
| Animal War Training | 1 | |
| Swords | 2 | |
| Plating | 2 | |
5 total
» buildings
| Farm | 7 | |
| Altar of Kings | 1 | |
| Barracks | 2 | |
| Arcane Vault | 6 | |
| Town Hall | 1 | |
| Keep | 1 | |
| Castle | 1 | |
| Lumber Mill | 1 | |
| Blacksmith | 1 | |
| Scout Tower | 3 | |
| Guard Tower | 2 | |
| Arcane Sanctum | 2 | |
28 total
» build order
00:11 Farm
00:53 Altar of Kings
00:56 Barracks
01:29 Arcane Vault
01:38 Farm
02:06 Arcane Vault
02:16 Farm
02:50 Farm
04:55 Town Hall
05:57 Farm
07:17 Arcane Vault
07:21 Keep
07:35 Arcane Vault
08:49 Barracks
09:53 Arcane Vault
09:58 Castle
10:02 Lumber Mill
10:04 Blacksmith
11:02 Scout Tower
12:46 Scout Tower
16:13 Guard Tower
16:36 Arcane Sanctum
16:38 Arcane Sanctum
17:29 Guard Tower
17:54 Farm
17:58 Farm
22:02 Arcane Vault
22:37 Scout Tower
» items
| Scroll of Regeneration | 8 | |
| Potion of Healing | 3 | |
| Ivory Tower | 3 | |
| Staff of Sanctuary | 1 | |
15 total
loland12 (
blue | 42 APM | 973 actions | 23:02)
» actions
| Basic commands | 1 | |
| Build / train | 52 | |
| Enter build submenu | 33 | |
| Right click | 480 | |
| Select / deselect | 289 | |
| Use ability | 118 | |
973 total
» units
» upgrades
» buildings
| Hunter's Hall | 1 | |
| Moon Well | 2 | |
| Ancient Protector | 27 | |
| Tree of Ages | 1 | |
| Tree of Life | 1 | |
32 total
» build order
00:11 Hunter's Hall
00:16 Moon Well
01:29 Ancient Protector
01:57 Ancient Protector
03:53 Ancient Protector
04:11 Ancient Protector
04:13 Ancient Protector
05:32 Ancient Protector
05:34 Ancient Protector
05:36 Ancient Protector
05:40 Ancient Protector
07:33 Ancient Protector
07:41 Ancient Protector
08:08 Ancient Protector
08:10 Ancient Protector
08:16 Ancient Protector
08:20 Ancient Protector
11:41 Moon Well
11:47 Ancient Protector
11:50 Ancient Protector
11:52 Ancient Protector
11:55 Ancient Protector
11:57 Ancient Protector
12:04 Ancient Protector
13:22 Tree of Ages
17:30 Tree of Life
20:34 Ancient Protector
20:36 Ancient Protector
20:38 Ancient Protector
20:40 Ancient Protector
20:43 Ancient Protector
20:46 Ancient Protector
team 2 (loser)

»
ACE-I (
red | 75 APM | 1152 actions | 15:19)
3 Archmage
2 Blizzard
1 Brilliance Aura
» actions
| Assign group hotkey | 29 | |
| Basic commands | 203 | |
| Build / train | 47 | |
| Enter build submenu | 18 | |
| Enter hero's abilities submenu | 3 | |
| Right click | 379 | |
| Select / deselect | 167 | |
| Select group hotkey | 256 | |
| Use ability | 50 | |
1152 total
» units
| Peasant | 15 | |
| Footman | 17 | |
| Mortar Team | 5 | |
37 total
» upgrades
| Fragmentation Shards | 1 | |
| Gunpowder | 1 | |
| Barrage | 1 | |
3 total
» buildings
| Altar of Kings | 1 | |
| Farm | 12 | |
| Lumber Mill | 1 | |
| Barracks | 1 | |
| Arcane Vault | 1 | |
| Keep | 1 | |
| Blacksmith | 1 | |
| Castle | 1 | |
| Workshop | 4 | |
23 total
» build order
00:13 Altar of Kings
00:31 Farm
00:33 Farm
01:13 Lumber Mill
01:19 Barracks
01:45 Farm
02:34 Farm
03:07 Arcane Vault
05:08 Keep
07:40 Blacksmith
08:14 Castle
09:02 Workshop
09:04 Workshop
09:04 Workshop
09:12 Workshop
10:36 Farm
10:38 Farm
10:39 Farm
10:39 Farm
10:41 Farm
14:49 Farm
14:49 Farm
14:49 Farm
» items
your_a_noob (
orange | 50 APM | 848 actions | 16:49)
4 Archmage
2 Summon Water Elemental
2 Brilliance Aura
» actions
| Build / train | 43 | |
| Enter build submenu | 8 | |
| Enter hero's abilities submenu | 4 | |
| Remove unit from queue | 1 | |
| Right click | 491 | |
| Select / deselect | 262 | |
| Use ability | 39 | |
848 total
» units
» buildings
| Altar of Kings | 1 | |
| Barracks | 1 | |
| Farm | 3 | |
| Lumber Mill | 2 | |
| Keep | 1 | |
8 total
» build order
00:13 Altar of Kings
00:16 Barracks
00:24 Farm
01:02 Farm
01:51 Lumber Mill
02:07 Farm
02:17 Lumber Mill
07:21 Keep
» items
| Potion of Healing | 1 | |
| Potion of Mana | 1 | |
| Scroll of Regeneration | 1 | |
3 total

»
tsurai (
purple | 84 APM | 1665 actions | 19:47)
4 Firelord
2 Soul Burn
2 Summon Lava Spawn
3 Dark Ranger
2 Black Arrow
1 Silence
» actions
| Assign group hotkey | 47 | |
| Basic commands | 74 | |
| Build / train | 62 | |
| Enter build submenu | 13 | |
| Enter hero's abilities submenu | 7 | |
| Remove unit from queue | 1 | |
| Right click | 717 | |
| Select / deselect | 191 | |
| Select group hotkey | 514 | |
| Use ability | 39 | |
1665 total
» units
| Acolyte | 3 | |
| Ghoul | 21 | |
| Obsidian Statue | 2 | |
| Abomination | 3 | |
| Gargoyle | 5 | |
34 total
» upgrades
| Unholy Armor | 1 | |
| Cannibalize | 1 | |
| Ghoul Frenzy | 1 | |
| Creature Attack | 1 | |
4 total
» buildings
| Altar of Darkness | 1 | |
| Ziggurat | 4 | |
| Crypt | 2 | |
| Graveyard | 1 | |
| Nerubian Tower | 1 | |
| Tomb of Relics | 1 | |
| Halls of the Dead | 1 | |
| Black Citadel | 1 | |
| Slaughterhouse | 2 | |
| Spirit Tower | 2 | |
16 total
» build order
00:25 Altar of Darkness
00:30 Ziggurat
00:41 Crypt
01:12 Graveyard
01:24 Nerubian Tower
01:41 Ziggurat
01:44 Tomb of Relics
03:29 Halls of the Dead
05:27 Crypt
05:30 Ziggurat
05:31 Ziggurat
09:34 Black Citadel
10:20 Slaughterhouse
10:23 Spirit Tower
14:59 Slaughterhouse
19:27 Spirit Tower
» items
| Lesser Clarity Potion | 3 | |
| Potion of Mana | 2 | |
| Scroll of Regeneration | 2 | |
| Orb of Fire | 1 | |
8 total
bebechaman11 (
yellow | 33 APM | 771 actions | 23:02)
3 Paladin
2 Devotion Aura
1 Holy Light
» actions
| Build / train | 72 | |
| Enter build submenu | 14 | |
| Enter hero's abilities submenu | 4 | |
| Remove unit from queue | 2 | |
| Right click | 387 | |
| Select / deselect | 240 | |
| Use ability | 52 | |
771 total
» units
| Peasant | 6 | |
| Footman | 34 | |
| Rifleman | 2 | |
42 total
» upgrades
| Defend | 1 | |
| Swords | 1 | |
| Plating | 1 | |
| Long Rifles | 1 | |
| Masonry | 1 | |
| Gunpowder | 1 | |
6 total
» buildings
| Farm | 6 | |
| Altar of Kings | 1 | |
| Barracks | 2 | |
| Blacksmith | 1 | |
| Scout Tower | 2 | |
| Arcane Tower | 1 | |
| Lumber Mill | 1 | |
| Keep | 1 | |
| Guard Tower | 4 | |
19 total
» build order
00:06 Farm
00:44 Altar of Kings
01:18 Barracks
01:58 Farm
02:16 Farm
02:42 Farm
03:24 Barracks
03:33 Farm
04:29 Farm
06:58 Blacksmith
08:12 Scout Tower
08:16 Scout Tower
09:47 Arcane Tower
10:34 Lumber Mill
11:33 Keep
12:20 Guard Tower
12:47 Guard Tower
12:47 Guard Tower
16:06 Guard Tower
» items
| Potion of Healing | 3 | |
| Scroll of Regeneration | 1 | |
| Ivory Tower | 8 | |
12 total
Chat log
(00:06 / Allies) Ze.Rath3isaFaig: mass rush them
(00:09 / Allies) Ze.Rath3isaFaig: they got a level 1
(00:09 / Allies) MYM]ERI: lol green
(00:11 / Allies) MYM]ERI: you still play
(00:12 / Allies) MYM]ERI: ?
(00:15 / Allies) Ze.Rath3isaFaig: lol
(00:20 / Allies) Ze.Rath3isaFaig: just started back again, took a 5 month break
(00:20 / Allies) jfjd: no rush
(00:25 / Allies) loland12: TOWEWR RUSH
(00:27 / Allies) Ze.Rath3isaFaig: you rush or I kill you
(00:35 / Allies) jfjd: no rush
(00:40 / Allies) Ze.Rath3isaFaig: not going to let that idiot tech
(00:41 / Allies) loland12: ALL UNTIS COME HERE
(00:47 / Allies) loland12: IF U DOTN RUSH WE LOSE
(01:11 / Allies) loland12: I NEED WOOD
(01:48 / Allies) Ze.Rath3isaFaig: send hereos soon
(01:54 / Allies) loland12: EVERY UNITS COMES HES
(01:56 / Allies) MYM]ERI: shit we're tring
(02:02 / Allies) MYM]ERI: i wanted to get quick lvl 3
(02:49 / Allies) Ze.Rath3isaFaig: come
(02:54 / Allies) MYM]ERI: team
(02:56 / Allies) MYM]ERI: teal
(02:56 / Allies) MYM]ERI: come
(03:01 / Allies) Ze.Rath3isaFaig: dopwn that one
(03:03 / Allies) jfjd: lol
(03:30 / Allies) Ze.Rath3isaFaig: go trap
(03:30 / Allies) MYM]ERI: deto on elementals?
(03:31 / All) your_a_noob: get at me
(03:43 / Allies) Ze.Rath3isaFaig: try to get in ther ot repair
(03:46 / Allies) Ze.Rath3isaFaig: go reapir
(03:48 / Allies) Ze.Rath3isaFaig: god stupid
(05:06 / Allies) Ze.Rath3isaFaig: wtf is teal at
(05:08 / Allies) Ze.Rath3isaFaig: we coudl win this lol
(05:19 / Allies) MYM]ERI: teal come
(05:20 / Allies) MYM]ERI: fuck
(07:35 / Allies) Ze.Rath3isaFaig: i've never had thi smuch fun in a long time lol
(08:11 / Allies) Ze.Rath3isaFaig: k fight
(08:28 / Allies) loland12: DONT ELT THEM SEE ME
(08:31 / Allies) MYM]ERI: make hunts?
(09:24 / Allies) jfjd: blue attack
(09:38 / Allies) MYM]ERI: new shop pls
(10:07 / Allies) Ze.Rath3isaFaig: wtf are you doing
(10:21 / Allies) MYM]ERI: fuck yeah
(10:23 / Allies) MYM]ERI: nice bluye
(10:23 / Allies) jfjd: blue you suck
(11:05 / Allies) Ze.Rath3isaFaig: b
(11:06 / Allies) Ze.Rath3isaFaig: use the towers
(13:03 / Allies) MYM]ERI: \archers
(13:03 / Allies) MYM]ERI: green
(13:46 / Allies) MYM]ERI: tech gryphs
(13:47 / Allies) MYM]ERI: someone
(13:58 / Allies) Ze.Rath3isaFaig: got mass chism coming
(14:02 / Allies) MYM]ERI: kk nice
(14:55 / Allies) Ze.Rath3isaFaig: chims are here
(14:57 / Allies) MYM]ERI: kk
(14:59 / Allies) MYM]ERI: goof
(15:01 / Allies) MYM]ERI: good*
(15:11 / Allies) MYM]ERI: expo this
(15:12 / Allies) MYM]ERI: someone
(15:17 / Allies) loland12: I WILL
(15:28 / Allies) MYM]ERI: feed
(15:29 / Allies) MYM]ERI: green
(15:30 / Allies) MYM]ERI: then
(15:38 / Allies) MYM]ERI: so green can mass a ton of chims
(16:41 / Allies) loland12: MOVE
(16:42 / Allies) Ze.Rath3isaFaig: lol
(16:43 / Allies) loland12: I NEED TO ROOT
(16:50 / Allies) loland12: MVOE
(16:51 / Allies) loland12: MOVE
(16:51 / Allies) loland12: MOVE
(21:22 / All) jfjd: noob
(21:30 / All) loland12: TREES KILL EVRYTHING
(22:44 / All) MYM]ERI: gg
(22:54 / Allies) Ze.Rath3isaFaig: feel sorry for yellow
(22:57 / Allies) Ze.Rath3isaFaig: made footmen the entire game
(23:00 / All) loland12: LOL